 Dungeon Crawl Stone Soup version 0.17.0-9-g801d43b (webtiles) character file.

9057 HungrySpirit the Grappler (level 11, -1/102 HPs)
             Began as a Red Draconian Transmuter on Nov 9, 2015.
             Was a Priest of Qazlal.
             Killed from afar by a deep elf mage (3 damage)
             ... with a magic dart
             ... on level 11 of the Dungeon.
             The game lasted 00:33:18 (15219 turns).

HungrySpirit the Grappler (DrTm)                   Turns: 15219, Time: 00:33:20

Health: -1/102     AC:  6    Str: 19    XL:     11   Next: 18%
Magic:  22/22      EV: 10    Int: 13    God:    Qazlal [***...]
Gold:   614        SH:  4    Dex: 12    Spells: 4 memorised, 12 levels left

rFire  x . .     SeeInvis .       - Unarmed
rCold  + + +     Clarity  .     (armour unavailable)
rNeg   . . .     SustAt   .     (shield currently unavailable)
rPois  +         Gourm    +     (helmet currently unavailable)
rElec  .         Spirit   .     (cloak currently unavailable)
rCorr  .         Warding  .     (gloves currently unavailable)
rMut   .         Stasis   .     (boots currently unavailable)
MR     .....                    g - amulet of the gourmand
Stlth  +.........               q - +3 ring of strength
                                y - +3 ring of slaying

@: ice-form, not resistant to hostile enchantments, very unstealthy
A: (breathe fire), unfitting armour, (fire resistance 0), (cold-blooded), AC +7
a: End Transformation, Upheaval, Elemental Force, Renounce Religion


You were on level 11 of the Dungeon.
You worshipped Qazlal.
Qazlal was most pleased with you.
You were completely stuffed.
You were a creature of crystalline ice.
You visited 2 branches of the dungeon, and saw 12 of its levels.
You also visited: Sewer.

You collected 614 gold pieces.

Inventory:

Missiles
 a - 162 arrows
 I - 8 arrows of frost
Armour
 A - a +2 hat (melded)
 F - a +0 pair of gloves (melded)
 J - a +0 cloak
Jewellery
 g - an amulet of the gourmand (around neck)
 h - an uncursed ring of positive energy
 q - a +3 ring of strength (right front paw)
 y - a +3 ring of slaying (left front paw)
 L - a +3 ring of protection {unknown}
Wands
 d - a wand of teleportation (0)
 f - a wand of heal wounds (3)
 o - a wand of confusion (2)
 t - a wand of slowing (28)
 v - a wand of confusion (42)
 w - a wand of confusion (20)
 x - a wand of disintegration (10)
 D - a wand of slowing (9)
 K - a wand of fireball (0)
 Q - a wand of paralysis (12)
Scrolls
 e - a scroll of fog
 i - 3 scrolls of magic mapping
 k - 3 scrolls of teleportation
 m - 2 scrolls of remove curse
 n - 2 scrolls of amnesia
 s - 2 scrolls of fear
 z - 2 scrolls of blinking
 N - a scroll of brand weapon {unknown}
 O - a scroll of acquirement {unknown}
Potions
 p - 3 potions of brilliance
 B - a potion of degeneration
 C - a potion of resistance
 E - a potion of ambrosia
 G - a potion of haste
 H - a potion of invisibility
 P - a potion of curing
Books
 b - a book of Changes

   Spells                             Type                      Level
   a - Beastly Appendage              Transmutation                1
   b - Sticks to Snakes               Transmutation                2
   c - Spider Form                    Transmutation/Poison         3
   d - Ice Form                       Ice/Transmutation            4
   e - Blade Hands                    Transmutation                5
Miscellaneous
 R - a phantom mirror
Comestibles
 c - 2 bread rations
 j - 7 meat rations
 l - 16 fruits
 r - 2 slices of pizza
 u - 2 beef jerkies
 M - 17 chunks of flesh


   Skills:
 - Level 4.6 Fighting
 - Level 1.7 Dodging
 * Level 11.6 Unarmed Combat
 - Level 7.4 Spellcasting
 + Level 8.4 Transmutations
 - Level 4.1 Ice Magic
 + Level 2.1 Invocations


You had 12 spell levels left.
You knew the following spells:

 Your Spells              Type           Power        Failure   Level  Hunger
a - Beastly Appendage     Trmt           ####..       1%          1    None
b - Sticks to Snakes      Trmt           ####......   1%          2    #......
c - Ice Form              Ice/Trmt       ###.....     12%         4    ####...
d - Blade Hands           Trmt           ####......   14%         5    ######.


Dungeon Overview and Level Annotations

Branches:
Dungeon (11/15)            Temple (1/1) D:7            Lair (0/8) D:11
    Orc (0/4) D:10

Altars:
Cheibriados
Dithmenos
Fedhas
Gozag
Makhleb
Nemelex Xobeh
Okawaru
Qazlal
Sif Muna
Trog
Vehumet
Xom

Shops:
D:8 *![[   D:9 ?}   D:11 [

Annotations:
D:10 exclusion: orange crystal statue
D:11 Urug


Innate Abilities, Weirdness & Mutations

((You can breathe blasts of fire.))
((Your fiery red scales are hard (AC +7).))
Your body does not fit into most forms of armour.
((Your flesh is heat resistant.))
((You are cold-blooded and may be slowed by cold attacks.))


Message History

Urug throws a javelin.
The javelin hits you!!
* * * LOW HITPOINT WARNING * * *
You see here a javelin.
Read which item? (? for menu, Esc to quit)
As you read the scroll of teleportation, it crumbles to dust.
You feel strangely unstable.
You hear a distant blaring wail to the southwest.
Your surroundings suddenly seem different.
A deep elf mage comes into view.
It is wielding a long sword of holy wrath.
The deep elf mage shouts!
A green ugly thing comes into view.
The green ugly thing gurgles horribly!
A centaur comes into view.
The centaur shouts!
You hear a shout!
The centaur wields a shortbow.
The centaur shoots an arrow.
The arrow hits you!!
* * * LOW HITPOINT WARNING * * *
The deep elf mage gestures at you while chanting.
The magic dart hits you!
You die...

##.. ..# ...
..# #..##..#
#......#
#......# #
#......##..#
#...........
#...Y......#
#c......##.#
#....u..#
#.......#
#.......#
#.e.....#
#.......#
#........


You could see a green ugly thing, a deep elf mage and a centaur.

Vanquished Creatures
  A hill giant (D:11)
  Pikel (D:4)
  Duvessa (D:5)
  A two-headed ogre (D:10)
  4 trolls
  4 yaks
  A wyvern (D:10)
  Eustachio (D:5)
  2 hippogriffs (D:9)
  A steam dragon (D:6)
  Menkaure (D:6)
  Edmund (D:4)
  3 eyes of draining
  2 slaves
  2 ice beasts
  Purgy (Sewer)
  6 orc warriors
  A sky beast (D:6)
  A wasp (D:7)
  5 ogres
  6 centaurs
  2 phantoms
  2 crocodiles (D:10)
  A big kobold (D:10)
  Blork the orc (D:6)
  6 giant frogs
  Dowan (D:5)
  A water moccasin zombie (D:9)
  A wyvern zombie (D:6)
  4 scorpions
  5 killer bees (D:8)
  3 crimson imps
  3 jellies
  A centaur zombie (D:7)
  6 iguanas
  A giant frog zombie (D:5)
  8 orc priests
  A hound (D:8)
  2 giant frog skeletons
  Jessica (D:3)
  10 orc wizards
  18 worker ants
  A hound zombie (D:6)
  3 worker ant zombies
  Robin (D:4)
  16 adders
  5 gnolls
  An ooze (D:7)
  2 adder skeletons
  2 worms
  3 giant geckos
  85 orcs
  6 ball pythons
  10 giant cockroaches
  16 hobgoblins
  15 jackals
  3 quokkas
  12 bats
  7 giant newts
  16 goblins
  15 kobolds
  4 quokka skeletons
  A quokka zombie (D:5)
  9 rats
  2 butterflies (D:10)
359 creatures vanquished.

Vanquished Creatures (collateral kills)
  An orc warrior (D:7)
  A wasp (D:9)
  A gnoll (D:2)
  An orc (D:3)
  A goblin (D:3)
  A ball python (Sewer)
  A quokka (D:6)
7 creatures vanquished.

Vanquished Creatures (others)
  2 slaves (D:5)
  A fungus (D:3)
3 creatures vanquished.

Grand Total: 369 creatures vanquished

Notes
Turn   | Place    | Note
--------------------------------------------------------------
     0 | D:1      | HungrySpirit the Draconian Transmuter began the quest for the Orb.
     0 | D:1      | Reached XP level 1. HP: 16/16 MP: 3/3
   187 | D:1      | Reached XP level 2. HP: 21/23 MP: 5/5
  1163 | D:2      | Reached XP level 3. HP: 25/28 MP: 6/6
  1390 | D:2      | HP: 1/29 [jackal (2)]
  1708 | D:2      | Reached XP level 4. HP: 36/36 MP: 8/8
  1712 | D:2      | Learned a level 2 spell: Sticks to Snakes
  1963 | D:2      | Learned a level 4 spell: Ice Form
  2156 | D:2      | Reached skill level 4 in Unarmed Combat
  2459 | D:3      | Reached XP level 5. HP: 30/42 MP: 7/9
  2861 | D:3      | Noticed Jessica
  2883 | D:3      | Killed Jessica
  3100 | D:3      | Found a blossoming altar of Fedhas.
  3312 | D:3      | Found an opulent altar of Gozag.
  3313 | D:3      | Found a sparkling altar of Nemelex Xobeh.
  3831 | D:4      | Noticed Robin
  4186 | D:4      | Killed Robin
  4219 | D:4      | Found an iron altar of Okawaru.
  4284 | D:4      | Reached XP level 6. HP: 49/51 MP: 11/11
  4356 | D:4      | Reached skill level 5 in Unarmed Combat
  4553 | D:4      | Noticed Edmund
  4586 | D:4      | Killed Edmund
  5224 | D:4      | Your scales start taking on a fiery red colour.
  5224 | D:4      | Gained mutation: Your flesh is heat resistant. [Red Draconian growth]
  5224 | D:4      | Reached XP level 7. HP: 49/57 MP: 10/12
  5539 | D:4      | Found a shadowy altar of Dithmenos.
  5760 | D:5      | Entered Level 5 of the Dungeon
  5991 | D:5      | Found a glowing drain.
  5994 | D:5      | Noticed Duvessa
  5995 | D:5      | Noticed Dowan
  6022 | D:5      | Noticed Eustachio
  6254 | D:5      | Reached skill level 6 in Unarmed Combat
  6265 | Sewer    | Entered a sewer
  6341 | Sewer    | Noticed Purgy
  6364 | Sewer    | Killed Purgy
  6577 | D:5      | Learned a level 5 spell: Blade Hands
  6767 | D:5      | Killed Eustachio
  6767 | D:5      | Reached XP level 8. HP: 53/67 MP: 9/14
  7533 | D:5      | Found a burning altar of Makhleb.
  7534 | D:5      | Found a radiant altar of Vehumet.
  7659 | D:5      | Noticed Pikel
  7949 | D:5      | Paralysed by Duvessa for 4 turns
  8005 | D:4      | Killed Pikel
  8005 | D:4      | Reached skill level 7 in Unarmed Combat
  8005 | D:4      | Reached skill level 5 in Spellcasting
  8005 | D:4      | Reached skill level 5 in Transmutations
  8005 | D:4      | Reached skill level 1 in Ice Magic
  8190 | D:5      | Paralysed by Duvessa for 4 turns
  8202 | D:5      | Killed Duvessa
  8205 | D:5      | Killed Dowan
  8348 | D:6      | Found a bloodstained altar of Trog.
  8637 | D:6      | Reached XP level 9. HP: 72/72 MP: 14/16
  8639 | D:6      | Reached skill level 8 in Unarmed Combat
  9040 | D:6      | Noticed Menkaure
  9049 | D:6      | Killed Menkaure
  9465 | D:6      | Noticed Blork the orc
  9479 | D:6      | Killed Blork the orc
  9673 | D:7      | Found a staircase to the Ecumenical Temple.
  9864 | D:7      | Reached skill level 9 in Unarmed Combat
 11117 | Temple   | Entered the Ecumenical Temple
 11126 | Temple   | Became a worshipper of Qazlal Stormbringer
 11317 | D:8      | Found Hotatz's Distillery.
 11320 | D:8      | Found Tiq Iguf's Antique Armour Shoppe.
 11406 | D:8      | Found Vaocw's General Store.
 11565 | D:8      | Reached XP level 10. HP: 53/80 MP: 19/19
 11683 | D:8      | Found Uckanil's Armour Emporium.
 11916 | D:8      | Reached * piety under Qazlal
 12175 | D:9      | Found Ozxohiax's Gadget Shop.
 12227 | D:9      | Noticed an eight-headed hydra
 12296 | D:9      | Reached skill level 10 in Unarmed Combat
 12549 | D:9      | Paralysed by a wasp for 3 turns
 12984 | D:9      | Found Ruxim's Magic Scroll Shoppe.
 13246 | D:9      | Found a blossoming altar of Fedhas.
 13317 | D:10     | Entered Level 10 of the Dungeon
 13500 | D:10     | Noticed an orange crystal statue
 13921 | D:10     | Reached ** piety under Qazlal
 13926 | D:10     | Reached skill level 11 in Unarmed Combat
 14160 | D:10     | Found a staircase to the Orcish Mines.
 14461 | D:10     | Reached XP level 11. HP: 71/85 MP: 17/22
 14515 | D:10     | Found a runed door.
 14594 | D:10     | Reached *** piety under Qazlal
 14636 | D:10     | Reached skill level 1 in Invocations
 14821 | D:10     | Found a runed door.
 15118 | D:11     | Noticed a hill giant
 15124 | D:11     | Killed a hill giant
 15137 | D:11     | Found Cosif's Antique Armour Emporium.
 15195 | D:11     | Found a staircase to the Lair.
 15201 | D:11     | Noticed Urug
 15219 | D:11     | HP: 2/102 [centaur/arrow (18)]
 15219 | D:11     | Killed from afar by a deep elf mage

Action                   |  1- 3 |  4- 6 |  7- 9 | 10-12 || total
-------------------------+-------+-------+-------+-------++-------
Melee: Unarmed           |   190 |   270 |   440 |   280 ||  1180
 Cast: Beastly Appendage |    24 |    29 |    47 |     9 ||   109
       Sticks to Snakes  |       |    14 |    48 |     9 ||    71
       Ice Form          |       |       |       |    19 ||    19
 Abil: Breathe Fire      |       |       |     1 |       ||     1
Evoke: Wand              |       |       |     3 |     2 ||     5
  Use: Potion            |     1 |       |     8 |     3 ||    12
       Scroll            |       |       |    22 |     1 ||    23
 Stab: Sleeping          |     1 |       |       |       ||     1
       Distracted        |       |     1 |     1 |       ||     2
       Invisible         |       |       |       |     7 ||     7
  Eat: Chunk             |     3 |    13 |    17 |    26 ||    59
       Royal jelly       |       |       |     1 |       ||     1
       Fruit             |       |       |     5 |       ||     5
